 Dungeon Crawl Stone Soup version 0.30.0-13-g156ef70053 (webtiles) character file.

Game seed: 11627335374815916826

12076 jasper the Eclecticist (level 11, -1/64 HPs)
             Began as a Deep Elf Conjurer on May 17, 2023.
             Was an Elder of Vehumet.
             Slain by a dire elephant (4 damage)
             ... in a Gauntlet.
             The game lasted 00:15:10 (10659 turns).

jasper the Eclecticist (Deep Elf Conjurer)         Turns: 10659, Time: 00:15:11

Health: -1/64      AC: 12    Str:  4    XL:     11   Next: 57%
Magic:  22/32      EV: 16    Int: 28    God:    Vehumet [****..]
Gold:   479        SH:  0    Dex: 13    Spells: 29/40 levels left

rFire   . . .        v - +7 Throatcutter {drain, coup de grace}
rCold   . . .        (no shield)
rNeg    . . .        x - +0 steam dragon scales
rPois   .            g - +2 hat
rElec   .            f - +0 cloak
rCorr   .            (no gloves)
SInv    .            (no boots)
Will    +....        y - amulet of regeneration
Stlth   ++++         B - +4 ring of protection
HPRegen 1.10/turn    u - +4 ring of slaying
MPRegen 0.23/turn

%: no teleportation
@: no status effects
A: no striking features
a: Renounce Religion


You were in a Gauntlet.
You worshipped Vehumet.
Vehumet was greatly pleased with you.
You visited 2 branches of the dungeon, and saw 12 of its levels.
You also visited: Sewer and Gauntlet.

You collected 479 gold pieces.

Inventory:

Hand Weapons
 h - a +1 dagger of freezing
 v - the +7 Throatcutter (weapon) {drain, coup de grace}
   (You found it on level 6 of the Dungeon)
Armour
 a - a +1 robe
 f - a +0 cloak (worn)
 g - a +2 hat (worn)
 x - +0 steam dragon scales (worn)
 D - a +0 helmet
 I - a +0 kite shield
Magical Staves
 t - the staff of death "Riduh" {rElec rC- rN+ Str+5}
   (You found it on level 3 of the Dungeon)

   [staff of death]

   Base accuracy: +5 Base damage: 5 Base attack delay: 1.2 This weapon's minimum
   attack delay (0.6) is reached at skill level 12.
   Str:       It affects your strength (+5).
   rC:        It makes you vulnerable to cold.
   rElec:     It insulates you from electricity.
   rN:        It protects you from negative energy.
   It falls into the 'Staves' category.
   It is a one-handed weapon.
Jewellery
 d - a ring of positive energy
 u - a +4 ring of slaying (right hand)
 y - an amulet of regeneration (around neck)
 B - a +4 ring of protection (left hand)
Wands
 q - a wand of iceblast (18)
 C - a wand of paralysis (6)
 E - a wand of light (9)
 G - a wand of flame (21)
 J - a wand of digging (4)
 K - a wand of mindburst (10)
Scrolls
 i - 2 scrolls of identify
 m - 2 scrolls of teleportation
 o - 2 scrolls of enchant armour
 p - 3 scrolls of enchant weapon
 z - a scroll of fear
 A - a scroll of immolation
Potions
 b - 3 potions of attraction
 c - 4 potions of cancellation
 e - 11 potions of curing
 j - 3 potions of brilliance
 k - 2 potions of mutation
 l - 2 potions of ambrosia
 n - 3 potions of haste
 r - a potion of heal wounds
 s - 2 potions of degeneration
 w - a potion of magic
 F - a potion of might {unknown}
 H - a potion of resistance


   Skills:
 + Level 5.4 Fighting
 + Level 2.2 Long Blades
 + Level 10.5 Dodging
 - Level 10.0 Stealth
 - Level 15.0 Spellcasting
 - Level 7.4 Conjurations
 - Level 2.0 Hexes
 - Level 2.0 Translocations


You had 29 spell levels left.
You knew the following spells:

 Your Spells              Type           Power      Damage    Failure   Level
a - Magic Dart            Conj           100%       1d8       1%          1
b - Searing Ray           Conj           100%       2d8       1%          2
c - Fulminant Prism       Conj/Hex       23%        3d12      1%          4
d - Iskenderun's Mystic   Conj/Tloc      47%        2d10      1%          4

Your spell library contained the following spells:

 Spells                   Type           Power      Damage    Failure   Level
 Frozen Ramparts          Ice            42%        1d7       1%          3
 Dazzling Flash           Conj/Hex       94%        N/A       1%          3
 Ensorcelled Hibernation  Hex/Ice        52%        N/A       2%          2
 Spider Form              Tmut/Pois      21%        N/A       7%          3
 Passage of Golubria      Tloc           32%        N/A       11%         4
 Anguish                  Hex/Necr       13%        N/A       16%         4
 Silence                  Hex/Air        13%        N/A       41%         5
 Lehudib's Crystal Spear  Conj/Erth      20%        10d6      100%        8


Dungeon Overview and Level Annotations

Branches:
Dungeon (11/15)            Temple (1/1) D:4           Sewer (visited)
Gauntlet (1/1)
   Lair: D:8-11         Orc: D:9-12

Altars:
Ashenzari
Cheibriados
Dithmenos
Elyvilon
Fedhas
Hepliaklqana
Kikubaaqudgha
Makhleb
Nemelex Xobeh
Okawaru
Qazlal
Ru
Trog
Vehumet
Wu Jian
Xom
Yredelemnul
The Shining One

Shops:
D:2 [   D:10 (

Annotations:
D:7 4 transporters, avangion's ghost, novice DECj
D:9 exclusion: door Gauntlet 7 transporters, 1 runed translucent door, exclusion: orange crystal statue


Message History

Casting: Iskenderun's Mystic Blast (dangerous; 1% risk of failure)
Confirm with . or Enter, or press ? or * to list all spells.
Aiming: Fulminant Prism (dangerous; 1% risk of failure)
Press: ? - help, Dir - move target You conjure a prism of explosive energy!
A fulminant prism comes into view.
The dire elephant tramples you!!
You hold your ground!
The dire elephant trunk-slaps you but does no damage.
You take 26 damage, and have 23/64 hp.
MASSIVE DAMAGE!!
You now have 21/32 mp.
You feel much better. The dire elephant tramples you!!
You hold your ground!
The dire elephant closely misses you.
Your fulminant prism crackles loudly.
You regained 4 hp, and now have 27/64 hp.
Aiming: Paralyse
Press: ? - help, Shift-Dir - straight line, f - dire elephant
Aim: a dire elephant (lightly wounded, ally target, chance to affect: 1%)
Okay, then.
Unknown command.
As you read the scroll of fear, it crumbles to dust.
You assume a fearsome visage.
The dire elephant resists with some effort.
The dire elephant misses you. The dire elephant barely misses you.
Your fulminant prism explodes!
The blast of energy engulfs the dire elephant.
The dire elephant is lightly wounded.
You slash the dire elephant!
The dire elephant is moderately wounded.
The dire elephant misses you.
The dire elephant trunk-slaps you but does no damage.
You regained 2 hp, and now have 30/64 hp.
You slash the dire elephant!
The dire elephant is moderately wounded.
The dire elephant tramples you.
You hold your ground!
The dire elephant trunk-slaps you!
* * * LOW HITPOINT WARNING * * *
You take 11 damage, and have 19/64 hp.
The dire elephant tramples you!
* * * LOW HITPOINT WARNING * * *
You hold your ground!
The dire elephant trunk-slaps you.
You die...

##≈....#©..8#.≈##
#≈≈.#########.≈≈#
##≈.#.".©?..#.≈##
##.#.#...#.#.##
##≈.#.#...#.#.≈##
#≈≈.#.##©##.#.≈≈#
##≈.#..#†#..#.≈##
##.####Y####.## ##
##≈.#..@....#..###≈##
#≈≈.#########...#≈≈≈#
##≈....#©..8#...#...#
##..8.#...©#.8.#...#
##≈....#©..8#.⌠.#.8.##.
#≈≈.#########.8.#.©....
##≈.#.##©##.#...#.8.##.
##.#.#..#..#...#.©.#
##≈.##.##.###.8.#.8.##.


You could see a dire elephant.

Vanquished Creatures
  A two-headed ogre (D:10)
  Pikel (D:6)
  An elephant (Gauntlet)
  A slime creature (Gauntlet)
  An eye of devastation (Gauntlet)
  A gargoyle (D:10)
  A komodo dragon (D:10)
  Prince Ribbit (D:6)
  A hornet (D:10)
  3 centaur simulacra (Gauntlet)
  2 vampires
  A wraith (D:11)
  23 yaks
  2 steam dragons
  2 vampire mosquitoes (D:10)
  Edmund (D:6)
  Menkaure (D:4)
  3 acid dragons
  A floating eye (Gauntlet)
  A sky beast (D:8)
  A black bear (D:9)
  3 ice beasts
  3 orc warriors
  An ogre (D:4)
  A lemure (D:6)
  2 phantoms
  3 kobold brigands
  2 bullfrogs (D:9)
  2 gnoll sergeants
  3 scorpions
  5 wights (D:9)
  14 killer bees
  5 howler monkeys
  A wyvern simulacrum (Gauntlet)
  A gnoll bouda (D:9)
  3 hounds
  An orc priest (D:4)
  3 iguanas (D:5)
  4 jellies
  A sleepcap (D:6)
  Natasha (thrice) (D:2)
  9 orc wizards
  A hell rat (Sewer)
  8 adders
  11 gnolls
  2 river rats (Sewer)
  2 white imps
  4 dart slugs
  24 orcs
  10 ball pythons
  7 bats
  8 endoplasms
  7 giant cockroaches
  10 hobgoblins
  3 jackals (D:4)
  19 kobolds
  4 quokkas
  A frilled lizard (D:2)
  6 goblins
  16 rats
263 creatures vanquished.

Vanquished Creatures (others)
  15 fulminant prisms
15 creatures vanquished.

Grand Total: 278 creatures vanquished

Notes
Turn   | Place    | Note
-------+----------+-------------------------------------------
     0 | D:1      | jasper the Deep Elf Conjurer began the quest for the Orb.
     0 | D:1      | Reached XP level 1. HP: 10/10 MP: 6/6
   112 | D:1      | You fall into a shaft and drop 1 floor!
   131 | D:2      | Reached XP level 2. HP: 16/16 MP: 4/8
   134 | D:2      | Learned a level 2 spell: Searing Ray
   481 | D:2      | Reached XP level 3. HP: 20/20 MP: 6/9
   490 | D:2      | Reached skill level 1 in Fighting
  1300 | D:2      | Noticed Natasha
  1300 | D:2      | Found Kocegol's Antique Armour Emporium.
  1304 | D:2      | Killed Natasha
  1305 | D:2      | Reached XP level 4. HP: 19/25 MP: 5/11
  1474 | D:2      | Noticed Natasha
  1478 | D:2      | Killed Natasha
  1479 | D:2      | Reached skill level 4 in Spellcasting
  1479 | D:2      | Reached skill level 5 in Conjurations
  1479 | D:2      | Reached XP level 5. HP: 21/29 MP: 6/13
  1487 | D:2      | Noticed Natasha
  1492 | D:2      | Killed Natasha
  2083 | D:3      | Learned a level 4 spell: Fulminant Prism
  2088 | D:3      | Learned a level 4 spell: Iskenderun's Mystic Blast
  2107 | D:3      | Found a glowing drain.
  2143 | Sewer    | Entered a sewer
  2775 | D:3      | Identified the +6 scale mail "Rukhle Keor" {rC- Will+++
                  | Dex-4 SInv}
  2804 | D:3      | Identified the staff of death "Riduh" {rElec rC- rN+ Str+5}
  3022 | D:4      | Noticed an ogre
  3242 | D:4      | Found a staircase to the Ecumenical Temple.
  3279 | Temple   | Entered the Ecumenical Temple
  3342 | Temple   | Became a worshipper of Vehumet
  3507 | D:4      | Killed an ogre
  3508 | D:4      | Reached XP level 6. HP: 35/35 MP: 6/15
  3531 | D:4      | Reached skill level 5 in Spellcasting
  3534 | D:4      | Found a white marble altar of Elyvilon.
  3830 | D:4      | Found an iron altar of Okawaru.
  3830 | D:4      | Found an ornate altar of the Wu Jian Council.
  3830 | D:4      | Found a sacrificial altar of Ru.
  3885 | D:4      | Found a hazy altar of Hepliaklqana.
  4046 | D:4      | Noticed Menkaure
  4054 | D:4      | Killed Menkaure
  4055 | D:4      | Reached XP level 7. HP: 40/40 MP: 7/16
  4327 | D:4      | Found a burning altar of Makhleb.
  4417 | D:5      | Entered Level 5 of the Dungeon
  4460 | D:5      | Reached skill level 5 in Stealth
  5299 | D:6      | Found the +7 Throatcutter {drain, coup de grace}
  5351 | D:6      | Reached skill level 5 in Dodging
  5414 | D:6      | Reached skill level 6 in Spellcasting
  5598 | D:6      | Noticed Pikel
  5605 | D:6      | Killed Pikel
  5606 | D:6      | Reached XP level 8. HP: 45/48 MP: 4/20
  5763 | D:6      | Noticed Prince Ribbit
  5770 | D:6      | Killed Prince Ribbit
  5770 | D:6      | Reached * piety under Vehumet
  5770 | D:6      | Offered knowledge of Sandblast by Vehumet.
  5771 | D:6      | Reached skill level 7 in Spellcasting
  5922 | D:6      | Noticed Edmund
  5933 | D:6      | Killed Edmund
  6023 | D:6      | Reached XP level 9. HP: 52/52 MP: 18/22
  6339 | D:7      | Found a transporter.
  6657 | D:7      | Reached skill level 1 in Hexes
  6845 | D:7      | Reached skill level 1 in Translocations
  6956 | D:7      | Reached skill level 8 in Spellcasting
  7036 | D:7      | Found a transporter.
  7038 | D:7      | Found a transporter.
  7078 | D:7      | Found a transporter.
  7079 | D:7      | Noticed avangion's ghost (novice DECj)
  7089 | D:7      | Noticed a kobold demonologist
  7346 | D:8      | Reached ** piety under Vehumet
  7351 | D:7      | Offered knowledge of Kiss of Death by Vehumet.
  7504 | D:8      | Reached skill level 5 in Fighting
  7511 | D:8      | Reached skill level 9 in Spellcasting
  7819 | D:8      | Reached XP level 10. HP: 23/59 MP: 17/25
  8405 | D:9      | Offered knowledge of Ignite Poison by Vehumet.
  8607 | D:9      | Reached skill level 10 in Stealth
  8610 | D:9      | Reached skill level 10 in Spellcasting
  8657 | D:9      | Reached *** piety under Vehumet
  8707 | D:9      | Noticed a deep elf knight
  8707 | D:9      | Noticed a fire dragon
  8761 | D:10     | Entered Level 10 of the Dungeon
  8762 | D:10     | Noticed a gargoyle
  8775 | D:10     | Killed a gargoyle
  9071 | D:10     | Found Lyacergh's Antique Weapon Shop.
  9163 | D:10     | Reached skill level 10 in Dodging
  9163 | D:10     | Reached skill level 11 in Spellcasting
  9394 | D:10     | Reached skill level 12 in Spellcasting
  9396 | D:10     | Offered knowledge of Frozen Ramparts by Vehumet.
  9641 | D:10     | Noticed a two-headed ogre
  9649 | D:10     | Killed a two-headed ogre
  9650 | D:10     | Reached skill level 13 in Spellcasting
  9650 | D:10     | Reached XP level 11. HP: 26/63 MP: 19/30
 10144 | D:11     | Reached **** piety under Vehumet
 10145 | D:11     | Reached skill level 14 in Spellcasting
 10210 | D:11     | Found a gate leading to a gauntlet.
 10221 | Gauntlet | Entered a Gauntlet
 10221 | Gauntlet | Found a transporter.
 10221 | Gauntlet | Found a runed translucent door.
 10222 | Gauntlet | Found a runed translucent door.
 10226 | Gauntlet | Found a transporter.
 10230 | Gauntlet | Found a transporter.
 10238 | Gauntlet | Found a transporter.
 10242 | Gauntlet | Found a transporter.
 10251 | Gauntlet | Found a transporter.
 10254 | Gauntlet | Found a transporter.
 10260 | Gauntlet | Noticed a dire elephant
 10262 | Gauntlet | Found a transporter.
 10266 | Gauntlet | Found a transporter.
 10274 | Gauntlet | Noticed an orange crystal statue
 10279 | Gauntlet | Found a transporter.
 10295 | Gauntlet | Found a transporter.
 10307 | Gauntlet | Found a transporter.
 10320 | Gauntlet | Found a transporter.
 10333 | Gauntlet | Found a transporter.
 10365 | Gauntlet | Reached skill level 15 in Spellcasting
 10486 | Gauntlet | Reached skill level 1 in Long Blades
 10659 | Gauntlet | HP: 3/64 [dire elephant (17)]
 10659 | Gauntlet | Slain by a dire elephant

Illustrated notes

Levels and vault maps discovered:
D:1:      giann_bridges, layout_basic
D:2:      layout_basic, serial_shops, shop_fountains, st_stairs_3,
          minmay_fountain_box, minmay_misc_feat_secret_circle,
          minmay_shallow_snake_nest, uniq_natasha
D:3:      layout_loops_cross, portal_sewer_entry_c
D:4:      layout_rooms, gammafunk_temple_overflow_claw,
          mainiacjoe_overflow_brackets, nicolae_hepliaklqana_hippocampus,
          lightli_temple_of_fire, minmay_temple_entry_arrows,
          minmay_fractal_squares_diagonal_5, uniq_menkaure
D:5:      layout_loops_ring
D:6:      layout_basic, uniq_pikel, uniq_edmund, uniq_prince_ribbit1
D:7:      gammafunk_beogh_shrine, layout_loops_ring, nzn_ghost_randoct
D:8:      layout_basic
D:9:      layout_rooms, grunt_lair_entry_orc_guard_hut,
          ebering_ghost_inner_flame, nicolae_rejected_hall
D:10:     layout_stronghold, serial_shops, shop_statue
D:11:     layout_loops_ring, gauntlet_entry_generic
Temple:   nicolae_temple_bog_church
Gauntlet: gammafunk_gauntlet_77_escape_option
          [minmay_gauntlet_arena_77_shame_cube,
          minmay_gauntlet_arena_77_squiggly,
          minmay_gauntlet_arena_77_tiled_triplets,
          minmay_gauntlet_arena_77_mirror, minmay_gauntlet_arena_77_p_blocks,
          gauntlet_exit_watery]

Skill      XL: |  1  2  3  4  5  6  7  8  9 10 11 |
---------------+----------------------------------+-----
Stealth        | 3 4 6 7 9 10 | 10.0
Dodging        | 3 4 5 6 8 10 | 10.5
Fighting       | 1 2 3 4 5 |  5.4
Spellcasting   | 4 5 6 7 9 13 15 | 15.0
Conjurations   | 5 6 7 |  7.4
Hexes          | 2 |  2.0
Translocations | 2 |  2.0
Long Blades    | 2 |  2.2

Action                     |  1- 3 |  4- 6 |  7- 9 | 10-12 || total
---------------------------+-------+-------+-------+-------++-------
  Melee: Unarmed           |     3 |       |       |       ||     3
         Dagger            |       |     9 |       |       ||     9
         Long sword        |       |       |    52 |    87 ||   139
         Punch             |       |       |     2 |     1 ||     3
   Cast: Magic Dart        |    67 |    98 |    92 |    20 ||   277
         Searing Ray       |     1 |    11 |    25 |    15 ||    52
         Fulminant Prism   |       |     2 |     2 |    11 ||    15
         Iskenderun's Myst |       |       |    15 |    41 ||    56
    Use: Scroll            |     5 |     5 |     7 |     5 ||    22
         Potion            |       |     2 |       |     1 ||     3
   Stab: Sleeping          |       |       |     3 |     5 ||     8
 Armour: Robe              |     1 |     7 |     3 |       ||    11
         Steam dragon scal |       |       |    14 |    33 ||    47
  Dodge: Dodged            |     5 |    16 |    73 |   113 ||   207
